| TOP OF THE 1ST |
|
Charlotte Knights batting - Pitching for Omaha Storm Chasers : RHP Kevin Tumbleson
|
|
Pitching: RHP Kevin Tumbleson
|
|
|
Batting: RHB Jeremy Hoffert
|
0-0: Ball 1-0: DOUBLE (Groundball, 3L, EV 111.2 MPH)
|
|
Batting: RHB Micah Brown
|
0-0: Ball 1-0: Called Strike 1-1: Swinging Strike 1-2: Strikes out swinging
|
|
Batting: LHB Justin Stickney
|
0-0: Called Strike 0-1: Called Strike 0-2: Ball 1-2: Ball 2-2: Strikes out swinging
|
|
Batting: RHB Mike Warzecha
|
0-0: Ground out 6-3 (Groundball, 6, EV 90.6 MPH)
|
| Top of the 1st over - 0 runs, 1 hit, 0 errors, 1 left on base; Charlotte 0 - Omaha 0 |
| BOTTOM OF THE 1ST |
|
Omaha Storm Chasers batting - Pitching for Charlotte Knights : LHP Isaias Felix
|
|
Pitching: LHP Isaias Felix
|
|
|
Batting: RHB Kevin Wimberly
|
0-0: Foul Ball, location: 2F 0-1: Foul Ball, location: 2F 0-2: Ball 1-2: Strikes out swinging
|
|
Batting: LHB Bill Baconneck
|
0-0: Ball 1-0: Ball 2-0: Ball 3-0: Called Strike 3-1: Swinging Strike 3-2: Base on Balls
|
|
Batting: SHB Ryoji Hiraoka
|
0-0: Ball 1-0: Ball 2-0: Called Strike 2-1: Grounds into double play, 4-6-3 (Groundball, 4, EV 91.9 MPH)
|
| Bottom of the 1st over - 0 runs, 0 hits, 0 errors, 0 left on base; Charlotte 0 - Omaha 0 |
| TOP OF THE 2ND |
|
Charlotte Knights batting - Pitching for Omaha Storm Chasers : RHP Kevin Tumbleson
|
|
Batting: LHB Ricardo Pagan
|
0-0: Ball 1-0: Ball 2-0: Called Strike 2-1: Foul Ball, location: 2F 2-2: Ground out 4-3 (Groundball, 34, EV 78.8 MPH)
|
|
Batting: RHB Kikuo Sato
|
0-0: Ball 1-0: Ball 2-0: Ball 3-0: Called Strike 3-1: Fly out, F8 (Flyball, 89D, EV 92.5 MPH)
|
|
Batting: RHB Josiah Wright
|
0-0: Ball 1-0: Foul Ball, location: 2F 1-1: Foul Ball, location: 2F 1-2: Foul Ball, location: 2F 1-2: Foul Ball, location: 2F 1-2: Ball 2-2: Foul Ball, location: 2F 2-2: SINGLE (Groundball, 6MD, EV 105.6 MPH)
|
|
Batting: LHB John Thurman
|
0-0: Ball 1-0: Ball 2-0: Foul Ball, location: 2F 2-1: Fly out, F6 (Popup, 6M, EV 65.6 MPH)
|
| Top of the 2nd over - 0 runs, 1 hit, 0 errors, 1 left on base; Charlotte 0 - Omaha 0 |
| BOTTOM OF THE 2ND |
|
Omaha Storm Chasers batting - Pitching for Charlotte Knights : LHP Isaias Felix
|
|
Batting: RHB Kazuki Arai
|
0-0: Ball 1-0: Ball 2-0: Swinging Strike 2-1: Ball 3-1: Called Strike 3-2: Base on Balls
|
|
Batting: RHB Taisei Fujii
|
0-0: Ball 1-0: Called Strike 1-1: Ball 2-1: Ball 3-1: Foul Ball, location: 2F 3-2: SINGLE (Groundball, 56D, EV 105.6 MPH) Kazuki Arai to second Kazuki Arai to third
|
|
Batting: RHB Ken Postlethwaite
|
0-0: Foul Ball, location: 2F 0-1: Ball 1-1: Ball 2-1: Swinging Strike 2-2: Ball 3-2: Foul Ball, location: 2F 3-2: DOUBLE (Line Drive, 7LD, EV 102.5 MPH) Kazuki Arai scores Taisei Fujii to third Runner from 3rd tries for Home, SAFE, throw by LF to home
|
|
Batting: RHB Justin Goff
|
0-0: Ball 1-0: Ground out 3-1 (Groundball, 13, EV 85.6 MPH) Ken Postlethwaite to third
|
|
Batting: SHB Mike Williams
|
0-0: Called Strike 0-1: Foul Ball, location: 2F 0-2: Ball 1-2: Fly out, F7 (Flyball, 7, EV 91.2 MPH)
|
|
Batting: SHB Arturo Baez
|
0-0: Ball 1-0: Ball 2-0: Ball 3-0: Called Strike 3-1: Swinging Strike 3-2: Foul Ball, location: 2F 3-2: Foul Ball, location: 2F 3-2: Strikes out swinging
|
| Bottom of the 2nd over - 2 runs, 2 hits, 0 errors, 1 left on base; Charlotte 0 - Omaha 2 |
| TOP OF THE 3RD |
|
Charlotte Knights batting - Pitching for Omaha Storm Chasers : RHP Kevin Tumbleson
|
|
Batting: RHB Steve Waltenbery
|
0-0: SINGLE (Line Drive, 56D, EV 104.4 MPH)
|
|
Batting: RHB Jeremy Hoffert
|
0-0: Ball 1-0: Called Strike 1-1: Swinging Strike 1-2: Foul Ball, location: 2F 1-2: Foul Ball, location: 2F 1-2: Ball 2-2: Foul Ball, location: 2F 2-2: 2-RUN HOME RUN (Line Drive, 8RXD, EV 111.2 MPH), Distance : 446 ft
|
|
Batting: RHB Micah Brown
|
0-0: Foul Ball, location: 2F 0-1: Fly out, F7 (Flyball, 78D, EV 93.1 MPH)
|
|
Batting: LHB Justin Stickney
|
0-0: Ground out U3 (Groundball, 3S, EV 69.4 MPH)
|
|
Batting: RHB Mike Warzecha
|
0-0: Fly out, F8 (Flyball, 8RD, EV 93.1 MPH)
|
| Top of the 3rd over - 2 runs, 2 hits, 0 errors, 0 left on base; Charlotte 2 - Omaha 2 |
| BOTTOM OF THE 3RD |
|
Omaha Storm Chasers batting - Pitching for Charlotte Knights : LHP Isaias Felix
|
|
Batting: RHB Kevin Wimberly
|
0-0: Foul Ball, location: 2F 0-1: Ball 1-1: Ball 2-1: Ball 3-1: DOUBLE (Line Drive, 3D, EV 98.8 MPH)
|
|
Batting: LHB Bill Baconneck
|
0-0: Called Strike 0-1: Foul Ball, location: 2F 0-2: Ball 1-2: Ball 2-2: Foul Ball, location: 2F 2-2: Ball 3-2: SINGLE (Flyball, 4D, EV 91.9 MPH) Kevin Wimberly to third
|
|
Batting: SHB Ryoji Hiraoka
|
0-0: Ball Wild Pitch! Kevin Wimberly scores Bill Baconneck to second 1-0: Swinging Strike 1-1: SINGLE (Line Drive, 7S, EV 108.1 MPH) Bill Baconneck to third Runner from 3rd tries for Home, throw by LF and OUT! 7-2 Ryoji Hiraoka to second
|
|
Batting: RHB Kazuki Arai
|
0-0: Foul Ball, location: 2F 0-1: Fly out, F8 (Flyball, 8RD, EV 82.5 MPH)
|
|
Batting: RHB Taisei Fujii
|
0-0: Called Strike 0-1: Ball 1-1: Ball 2-1: Foul Ball, location: 2F 2-2: Foul Ball, location: 2F 2-2: DOUBLE (Groundball, 5L, EV 109.4 MPH) Ryoji Hiraoka scores
|
|
Batting: RHB Ken Postlethwaite
|
0-0: Called Strike 0-1: Ball 1-1: Ball 2-1: Foul Ball, location: 2F 2-2: Strikes out looking
|
| Bottom of the 3rd over - 2 runs, 4 hits, 0 errors, 1 left on base; Charlotte 2 - Omaha 4 |
| TOP OF THE 4TH |
|
Charlotte Knights batting - Pitching for Omaha Storm Chasers : RHP Kevin Tumbleson
|
|
Batting: LHB Ricardo Pagan
|
0-0: Called Strike 0-1: Called Strike 0-2: Ground out 3-1 (Groundball, 3D, EV 106.2 MPH)
|
|
Batting: RHB Kikuo Sato
|
0-0: Ball 1-0: Ball 2-0: Ball 3-0: Base on Balls
|
|
Batting: RHB Josiah Wright
|
0-0: Called Strike 0-1: Called Strike Kikuo Sato steals 2nd base 0-2: Ball 1-2: Foul Ball, location: 2F 1-2: Strikes out swinging
|
|
Batting: LHB John Thurman
|
0-0: Ball 1-0: Reached on error, E4 (Groundball, 4M, EV 96.2 MPH) Kikuo Sato to third
|
|
Batting: RHB Steve Waltenbery
|
0-0: Fielders Choice at 2nd, 6-4 (Groundball, 56, EV 104.4 MPH)
|
| Top of the 4th over - 0 runs, 0 hits, 1 error, 2 left on base; Charlotte 2 - Omaha 4 |
| BOTTOM OF THE 4TH |
|
Omaha Storm Chasers batting - Pitching for Charlotte Knights : LHP Isaias Felix
|
|
Batting: RHB Justin Goff
|
0-0: Fly out, F9 (Flyball, 89M, EV 90.6 MPH)
|
|
Batting: SHB Mike Williams
|
0-0: Called Strike 0-1: Ball 1-1: Foul Ball, location: 2F 1-2: Strikes out swinging
|
|
Batting: SHB Arturo Baez
|
0-0: Called Strike 0-1: Ball 1-1: Ground out 5-3 (Groundball, 56, EV 77.5 MPH)
|
| Bottom of the 4th over - 0 runs, 0 hits, 0 errors, 0 left on base; Charlotte 2 - Omaha 4 |
| TOP OF THE 5TH |
|
Charlotte Knights batting - Pitching for Omaha Storm Chasers : RHP Kevin Tumbleson
|
|
Batting: RHB Jeremy Hoffert
|
0-0: Fly out, F8 (Flyball, 8LD, EV 99.4 MPH)
|
|
Batting: RHB Micah Brown
|
0-0: Swinging Strike 0-1: Foul Ball, location: 2F 0-2: Strikes out looking
|
|
Batting: LHB Justin Stickney
|
0-0: Ground out 4-3 (Groundball, 4S, EV 85.0 MPH)
|
| Top of the 5th over - 0 runs, 0 hits, 0 errors, 0 left on base; Charlotte 2 - Omaha 4 |
| BOTTOM OF THE 5TH |
|
Omaha Storm Chasers batting - Pitching for Charlotte Knights : LHP Isaias Felix
|
|
Batting: RHB Kevin Wimberly
|
0-0: Ball 1-0: Ball 2-0: Foul Ball, location: 2F 2-1: SINGLE (Line Drive, 4MD, EV 95.6 MPH)
|
|
Batting: LHB Bill Baconneck
|
0-0: Called Strike 0-1: Ball 1-1: Ground out 6-3 (Groundball, 6MS, EV 63.8 MPH) Kevin Wimberly to second
|
|
Batting: SHB Ryoji Hiraoka
|
0-0: Intentional Walk
|
|
Batting: RHB Kazuki Arai
|
0-0: Ball 1-0: Grounds into double play, 6-4-3 (Groundball, 56, EV 91.2 MPH)
|
| Bottom of the 5th over - 0 runs, 1 hit, 0 errors, 1 left on base; Charlotte 2 - Omaha 4 |
| TOP OF THE 6TH |
|
Charlotte Knights batting - Pitching for Omaha Storm Chasers : RHP Kevin Tumbleson
|
|
Batting: RHB Mike Warzecha
|
0-0: Called Strike 0-1: Ground out 4-3 (Groundball, 4M, EV 82.5 MPH)
|
|
Batting: LHB Ricardo Pagan
|
0-0: Foul Ball, location: 2F 0-1: Swinging Strike 0-2: Ball 1-2: Fly out, F8 (Line Drive, 8LM, EV 101.9 MPH)
|
|
Batting: RHB Kikuo Sato
|
0-0: Ball 1-0: Ball 2-0: Hit by Pitch
|
|
Batting: RHB Josiah Wright
|
0-0: Foul Ball, location: 2F 0-1: Called Strike Kikuo Sato is caught stealing 2nd base 2-4
|
| Top of the 6th over - 0 runs, 0 hits, 0 errors, 0 left on base; Charlotte 2 - Omaha 4 |
| BOTTOM OF THE 6TH |
|
Omaha Storm Chasers batting - Pitching for Charlotte Knights : LHP Isaias Felix
|
|
Batting: RHB Taisei Fujii
|
0-0: Ball 1-0: Swinging Strike 1-1: DOUBLE (Flyball, 89XD, EV 100.6 MPH)
|
|
Batting: RHB Ken Postlethwaite
|
0-0: Intentional Walk
|
|
Batting: RHB Justin Goff
|
0-0: Called Strike 0-1: Fly out, F7 (Flyball, 78S, EV 83.1 MPH)
|
|
Batting: SHB Mike Williams
|
0-0: Fly out, F7 (Line Drive, 78M, EV 90.6 MPH)
|
|
Batting: SHB Arturo Baez
|
0-0: Called Strike 0-1: Ball 1-1: Called Strike 1-2: Ground out U3 (Groundball, 34, EV 86.2 MPH)
|
| Bottom of the 6th over - 0 runs, 1 hit, 0 errors, 2 left on base; Charlotte 2 - Omaha 4 |
| TOP OF THE 7TH |
|
Charlotte Knights batting - Pitching for Omaha Storm Chasers : RHP Kevin Tumbleson
|
|
Batting: RHB Josiah Wright
|
0-0: Ball 1-0: Called Strike 1-1: Swinging Strike 1-2: Strikes out swinging, 2-3 out at first.
|
|
Batting: LHB John Thurman
|
0-0: Ball 1-0: Ball 2-0: Ball 3-0: Called Strike 3-1: Called Strike 3-2: Base on Balls
|
|
Batting: RHB Steve Waltenbery
|
|
|
Pinch Hitting: SHB Ethan Villalobos
|
0-0: Foul Ball, location: 2F 0-1: Foul Ball, location: 2F 0-2: Ball 1-2: SINGLE (Flyball, 6D, EV 88.1 MPH) John Thurman to second
|
|
Batting: RHB Jeremy Hoffert
|
0-0: Ball 1-0: Called Strike 1-1: Called Strike 1-2: Ball 2-2: Ball 3-2: Foul Ball, location: 2F 3-2: Base on Balls John Thurman to third Ethan Villalobos to second
|
|
Batting: RHB Micah Brown
|
0-0: Called Strike 0-1: Ball 1-1: Ball 2-1: Ball 3-1: DOUBLE (Flyball, 89XD, EV 109.4 MPH) John Thurman scores Ethan Villalobos scores Jeremy Hoffert to third Runner from 3rd tries for Home, throw by CF and OUT! 8-4-2 Micah Brown to third
|
|
Pitching: RHP Mike Tuck
|
|
|
Batting: LHB Justin Stickney
|
0-0: Ground out 1-3 (Groundball, 34S, EV 64.4 MPH)
|
| Top of the 7th over - 2 runs, 2 hits, 0 errors, 1 left on base; Charlotte 4 - Omaha 4 |
| BOTTOM OF THE 7TH |
|
Omaha Storm Chasers batting - Pitching for Charlotte Knights : LHP Isaias Felix
|
|
Pitching: RHP Jesus Griego
|
|
|
Now at SS: John Iddings
|
|
|
Batting: RHB Kevin Wimberly
|
0-0: Called Strike 0-1: Ball 1-1: Ball 2-1: Ball 3-1: Called Strike 3-2: Ground out 4-3 (Groundball, 4, EV 102.5 MPH)
|
|
Batting: LHB Bill Baconneck
|
0-0: Ball 1-0: Ball 2-0: Called Strike 2-1: Swinging Strike 2-2: Ball 3-2: Ground out 5-3 (Groundball, 56S, EV 68.8 MPH)
|
|
Batting: SHB Ryoji Hiraoka
|
0-0: Ball 1-0: Ball 2-0: Ball 3-0: Called Strike 3-1: Foul Ball, location: 2F 3-2: Base on Balls
|
|
Batting: RHB Kazuki Arai
|
0-0: Called Strike 0-1: Called Strike 0-2: Foul Ball, location: 2F 0-2: Ball 1-2: SINGLE (Line Drive, 8RS, EV 113.8 MPH) Ryoji Hiraoka to second Ryoji Hiraoka to third
|
|
Batting: RHB Taisei Fujii
|
0-0: Called Strike 0-1: Called Strike 0-2: Foul Ball, location: 2F 0-2: Ball 1-2: Ground out 4-3 (Groundball, 4, EV 79.4 MPH)
|
| Bottom of the 7th over - 0 runs, 1 hit, 0 errors, 2 left on base; Charlotte 4 - Omaha 4 |
| TOP OF THE 8TH |
|
Charlotte Knights batting - Pitching for Omaha Storm Chasers : RHP Mike Tuck
|
|
Batting: RHB Mike Warzecha
|
0-0: Ball 1-0: Ball 2-0: Fly out, F7 (Flyball, 7D, EV 97.5 MPH)
|
|
Batting: LHB Ricardo Pagan
|
0-0: Ball 1-0: Foul Ball, location: 2F 1-1: Ball 2-1: SINGLE (Groundball, 4MD, EV 98.1 MPH)
|
|
Batting: RHB Kikuo Sato
|
0-0: Ground out 4-3 (Groundball, 34, EV 86.2 MPH) Ricardo Pagan to second
|
|
Batting: RHB Josiah Wright
|
0-0: Ball 1-0: Ball 2-0: Called Strike 2-1: Ball 3-1: Called Strike 3-2: Fly out, F9 (Flyball, 9, EV 95.0 MPH)
|
| Top of the 8th over - 0 runs, 1 hit, 0 errors, 1 left on base; Charlotte 4 - Omaha 4 |
| BOTTOM OF THE 8TH |
|
Omaha Storm Chasers batting - Pitching for Charlotte Knights : RHP Jesus Griego
|
|
Pitching: RHP Chris Worster
|
|
|
Batting: RHB Ken Postlethwaite
|
0-0: Ball 1-0: Fly out, F8 (Line Drive, 8RS, EV 88.1 MPH)
|
|
Batting: RHB Justin Goff
|
0-0: Called Strike 0-1: Ball 1-1: Ball 2-1: Swinging Strike 2-2: Foul Ball, location: 2F 2-2: SINGLE (Line Drive, 78M, EV 106.2 MPH)
|
|
Batting: SHB Mike Williams
|
0-0: Called Strike 0-1: Foul Ball, location: 2F 0-2: Foul Ball, location: 2F 0-2: Ball 1-2: Ball Wild Pitch! Justin Goff to second 2-2: Foul Ball, location: 2F 2-2: Foul Ball, location: 2F 2-2: Ball 3-2: Intentional Walk
|
|
Batting: SHB Arturo Baez
|
0-0: Called Strike 0-1: Ball 1-1: Foul Ball, location: 2F 1-2: Foul Ball, location: 2F 1-2: Strikes out swinging
|
|
Batting: RHB Kevin Wimberly
|
0-0: Swinging Strike 0-1: Foul Ball, location: 2F 0-2: Ball 1-2: Strikes out swinging
|
| Bottom of the 8th over - 0 runs, 1 hit, 0 errors, 2 left on base; Charlotte 4 - Omaha 4 |
| TOP OF THE 9TH |
|
Charlotte Knights batting - Pitching for Omaha Storm Chasers : RHP Mike Tuck
|
|
Batting: LHB John Thurman
|
0-0: SINGLE (Groundball, 4M, EV 101.9 MPH) (infield hit)
|
|
Batting: RHB John Iddings
|
0-0: Sac Bunt to 2R - play at first, batter OUT! 2-3 John Thurman to second
|
|
Batting: RHB Jeremy Hoffert
|
0-0: Swinging Strike 0-1: Foul Ball, location: 2F 0-2: Ball 1-2: Strikes out swinging
|
|
Batting: RHB Micah Brown
|
0-0: Swinging Strike 0-1: Foul Ball, location: 2F 0-2: Ball 1-2: Strikes out swinging
|
| Top of the 9th over - 0 runs, 1 hit, 0 errors, 1 left on base; Charlotte 4 - Omaha 4 |
| BOTTOM OF THE 9TH |
|
Omaha Storm Chasers batting - Pitching for Charlotte Knights : RHP Chris Worster
|
|
Pitching: LHP Silas Chartier
|
|
|
Batting: LHB Bill Baconneck
|
0-0: Ball 1-0: Called Strike 1-1: Swinging Strike 1-2: Strikes out swinging
|
|
Batting: SHB Ryoji Hiraoka
|
0-0: Called Strike 0-1: Foul Ball, location: 2F 0-2: Ball 1-2: Foul Ball, location: 2F 1-2: Foul Ball, location: 2F 1-2: DOUBLE (Flyball, 89XD, EV 97.5 MPH)
|
|
Batting: RHB Kazuki Arai
|
0-0: Ball 1-0: Called Strike 1-1: Ground out 5-3 (Groundball, 56, EV 83.8 MPH)
|
|
Batting: RHB Taisei Fujii
|
0-0: Called Strike 0-1: Called Strike 0-2: Ball 1-2: Ball 2-2: Ball 3-2: Foul Ball, location: 2F 3-2: Base on Balls
|
|
Pitching: RHP Dicky Goedhart
|
|
|
Batting: RHB Ken Postlethwaite
|
0-0: SINGLE (Groundball, 5S, EV 68.1 MPH) (infield hit) Ryoji Hiraoka to third Taisei Fujii to second
|
|
Pinch Hitting: SHB Bill Ertl
|
0-0: Ball 1-0: Fly out, F4 (Line Drive, 4, EV 67.5 MPH)
|
| Bottom of the 9th over - 0 runs, 2 hits, 0 errors, 3 left on base; Charlotte 4 - Omaha 4 |
| TOP OF THE 10TH |
|
Charlotte Knights batting - Pitching for Omaha Storm Chasers : RHP Mike Tuck
|
|
Pitching: RHP Gan Ts'ong
|
|
|
Now at C: Jason Birge
|
|
|
Batting: LHB Justin Stickney
|
0-0: Called Strike 0-1: Ground out 5-3 (Groundball, 56D, EV 81.9 MPH)
|
|
Batting: RHB Mike Warzecha
|
0-0: Called Strike 0-1: Ball 1-1: Ball 2-1: Ground out 1-3 (Groundball, 34S, EV 72.5 MPH)
|
|
Batting: LHB Ricardo Pagan
|
0-0: Ball 1-0: Called Strike 1-1: Ball 2-1: Ball 3-1: Called Strike 3-2: Foul Ball, location: 2F 3-2: Strikes out swinging
|
| Top of the 10th over - 0 runs, 0 hits, 0 errors, 0 left on base; Charlotte 4 - Omaha 4 |
| BOTTOM OF THE 10TH |
|
Omaha Storm Chasers batting - Pitching for Charlotte Knights : RHP Dicky Goedhart
|
|
Batting: SHB Mike Williams
|
0-0: Ball 1-0: Foul Ball, location: 2F 1-1: SINGLE (Groundball, 6M, EV 104.4 MPH)
|
|
Batting: SHB Arturo Baez
|
0-0: Bunted foul 0-1: Ball 1-1: Sac Bunt to 3S - play at first, batter safe! Mike Williams to second
|
|
Batting: RHB Kevin Wimberly
|
0-0: Sac Bunt to 25 - play at first, batter OUT! 5-4 Mike Williams to third Arturo Baez to second
|
|
Batting: LHB Bill Baconneck
|
0-0: Intentional Walk
|
|
Batting: SHB Ryoji Hiraoka
|
0-0: Called Strike 0-1: SINGLE (Groundball, 4, EV 96.2 MPH) Mike Williams scores
|
| Bottom of the 10th over - 1 run, 3 hits, 0 errors, 2 left on base; Charlotte 4 - Omaha 5 |
|